 Dungeon Crawl Stone Soup version 0.23-a0-805-gc1268f8 (webtiles) character file.

7083 Mgcat the Severer (level 10, -2/79 HPs)
             Began as a Minotaur Chaos Knight on Jan 20, 2019.
             Was a Plaything of Xom.
             Slain by a seven-headed hydra (13 damage)
             ... on level 9 of the Dungeon.
             The game lasted 00:18:58 (9640 turns).

Mgcat the Severer (Minotaur Chaos Knight)           Turns: 9640, Time: 00:18:58

Health: -2/79      AC: 15    Str: 28    XL:     10   Next: 84%
Magic:  1/12       EV: 13    Int:  9    God:    Xom [......]
Gold:   565        SH:  0    Dex: 11    Spells: 9/9 levels left

rFire    . . .     SeeInvis .   a - +4 battleaxe
rCold    . . .     Gourm    +   (shield currently unavailable)
rNeg     . . .     Faith    .   b - +4 ring mail
rPois    .         Spirit   .   (helmet restricted)
rElec    .         Reflect  .   B - +1 cloak of the Vacuum {Str+4}
rCorr    .         Harm     .   i - +0 pair of gloves
MR       .....                  (no boots)
Stlth    +.........             j - amulet of the gourmand {Gourm, !d}
HPRegen  0.23/turn              m - ring of wizardry {Wiz+, !d}
MPRegen  0.13/turn              (no ring)

@: mighty
A: retaliatory headbutt, horns 2, slimy green scales 1, frail 1, screaming 1,
MP-powered wands
a: Renounce Religion


You were on level 9 of the Dungeon.
You worshipped Xom.
You were a very special plaything of Xom.
You were completely stuffed.

You visited 1 branch of the dungeon, and saw 9 of its levels.

You collected 565 gold pieces.

Inventory:

Hand Weapons
 a - a +4 battleaxe (weapon)
   (You took it off a wight on level 8 of the Dungeon)
Missiles
 g - 359 stones
 A - 2 javelins (quivered)
 C - a throwing net {=f, !d}
Armour
 b - a +4 ring mail (worn)
   (You took it off an orc on level 8 of the Dungeon)
 i - a +0 pair of gloves (worn)
   (You found it on level 4 of the Dungeon)
 B - the +1 cloak of the Vacuum (worn) {Str+4}
   (You found it on level 7 of the Dungeon)

   It affects your strength (+4).
Magical Staves
 y - an uncursed staff of conjuration {!a}
   (You found it on level 6 of the Dungeon)
Jewellery
 j - an amulet of the gourmand (around neck) {Gourm, !d}
   (You found it on level 4 of the Dungeon)
 m - a ring of wizardry (left hand) {Wiz+, !d}
   (You found it on level 2 of the Dungeon)
 q - an uncursed ring of ice {rC+, rF-}
   (You found it on level 6 of the Dungeon)
 z - a cursed ring of teleportation {unknown}
   (You found it on level 7 of the Dungeon)
 E - a +4 ring of strength
   (You took it off an orc priest on level 9 of the Dungeon)
Wands
 r - a wand of flame (5)
   (You found it on level 8 of the Dungeon)
Scrolls
 h - 5 scrolls of magic mapping {!r}
 w - a scroll of fog
 x - 2 scrolls of blinking {!r}
Potions
 e - 5 potions of might
 f - 3 potions of curing
 k - 6 potions of brilliance
 l - a potion of degeneration {unknown}
 n - 3 potions of mutation {unknown}
 o - 3 potions of cancellation {unknown}
 p - a potion of magic
 t - 4 potions of heal wounds {unknown}
 u - a potion of agility {unknown}
 v - 4 potions of haste
Comestibles
 c - 15 rations
 d - 8 chunks of flesh {@w0}


   Skills:
 + Level 7.7 Fighting
 + Level 15.5 Axes
 - Level 5.7 Armour
 - Level 5.0 Dodging
 + Level 4.2 Evocations


You had 9 spell levels left.
You didn't know any spells.
Your spell library was empty.

Dungeon Overview and Level Annotations

Branches:
Dungeon (9/15)             Temple (0/1) D:6
   Lair: D:8-11         Orc: D:9-12

Altars:
Cheibriados
Dithmenos
Elyvilon
Gozag
Makhleb
Trog
Uskayaw
Wu Jian
Xom
Yredelemnul
Zin

Shops:
D:6 }

Annotations:
D:3 Grinder
D:6 Monsterracer's ghost, novice DgAs
D:9 4 exclusions


Innate Abilities, Weirdness & Mutations

You reflexively headbutt those who attack you in melee.
You have a pair of horns on your head.
You are partially covered in slimy green scales. (AC +2)
You are frail. (-10% HP)
You occasionally shout uncontrollably at your foes.
You expend magic power (3 MP) to strengthen your wands.


Message History

Unknown command.
Lua error: [string "/dgldir/rcfiles/crawl-git/Mgcat.rc"]:926: invalid capture index Unknown command.
Warning x2: The orc priest can smite you!
The seven-headed hydra (wandering) can hit for high damage in melee!
An orc comes into view. It is wielding a +0 long sword.
The seven-headed hydra roars!
The orc shouts!
The orc moves out of view.
Lua error: [string "/dgldir/rcfiles/crawl-git/Mgcat.rc"]:926: invalid capture index The orc wizard casts a spell at you.
The magic dart hits you!
Things that are here:
a +2 dagger of venom; an orc skeleton You take 6 damage, and have 66/79 hp.
Warning x2: The orc priest can smite you!
The seven-headed hydra can hit for high damage in melee!
Lua error: [string "/dgldir/rcfiles/crawl-git/Mgcat.rc"]:926: invalid capture index
Things that are here:
a +0 dagger; a +0 scale mail Lua error: [string "/dgldir/rcfiles/crawl-git/Mgcat.rc"]:926: invalid capture index Evoke which item? (* to show all) (? for menu, Esc to quit)
Aiming: Iceblast
Press: ? - help, Shift-Dir - straight line You feel a surge of power!
The mass of ice explodes!
The iceblast engulfs the seven-headed hydra.
The seven-headed hydra is moderately wounded.
The iceblast engulfs the orc wizard.
You kill the orc wizard!
The now-empty wand crumbles to dust.
You hear a shout!
You now have 9/12 mp.
Warning x2: The seven-headed hydra can hit for high damage in melee!
The orc priest can smite you!
Evoke which item? (* to show all) (? for menu, Esc to quit)
Aiming: Throw Flame
Press: ? - help, Shift-Dir - straight line, f - seven-headed hydra
Aim: a seven-headed hydra (moderately wounded)
You feel a surge of power!
The puff of flame hits the seven-headed hydra.
The seven-headed hydra is moderately wounded.
You now have 6/12 mp.
Warning x2: The orc priest can smite you!
The seven-headed hydra can hit for high damage in melee!
Evoke which item? (* to show all) (? for menu, Esc to quit)
Aiming: Throw Flame
Press: ? - help, Shift-Dir - straight line, f/p - seven-headed hydra
Aim: a seven-headed hydra (moderately wounded)
You feel a surge of power!
The puff of flame misses the seven-headed hydra.
You now have 3/12 mp.
Warning x2: The orc priest can smite you!
The seven-headed hydra can hit for high damage in melee!
Evoke which item? (* to show all) (? for menu, Esc to quit)
Aiming: Throw Flame
Press: ? - help, Shift-Dir - straight line, f/p - seven-headed hydra
Aim: a seven-headed hydra (moderately wounded)
You feel a surge of power!
The puff of flame hits the seven-headed hydra.
The seven-headed hydra is heavily wounded.
An orc comes into view. It is wielding a +0 club.
The seven-headed hydra barely misses you.
The seven-headed hydra bites you.
The seven-headed hydra bites you but does no damage.
The seven-headed hydra barely misses you.
The seven-headed hydra bites you.
The seven-headed hydra barely misses you.
The seven-headed hydra bites you.
You take 6 damage, and have 61/79 hp.
You now have 0/12 mp.
Warning x2: The orc priest can smite you!
The seven-headed hydra can hit for high damage in melee!
Evoke which item? (* to show all) (? for menu, Esc to quit)
Aiming: Throw Flame
Press: ? - help, Shift-Dir - straight line, f - orc priest, p - seven-headed hydra
Aim: an orc priest, wielding a +0 mace The puff of flame hits the seven-headed hydra.
The seven-headed hydra is heavily wounded.
The seven-headed hydra bites you.
The seven-headed hydra barely misses you.
The seven-headed hydra bites you! x2
The seven-headed hydra bites you but does no damage. x2
The seven-headed hydra bites you.
You take 26 damage, and have 35/79 hp.
MASSIVE DAMAGE!!
Warning x2: The orc priest can smite you!
The seven-headed hydra can hit for high damage in melee!
Evoke which item? (* to show all) (? for menu, Esc to quit)
Aiming: Throw Flame
Press: ? - help, Shift-Dir - straight line, p - orc priest The puff of flame hits the seven-headed hydra.
The seven-headed hydra is severely wounded.
The orc priest calls down the wrath of Beogh upon you.
Beogh smites you!
* * * LOW HITPOINT WARNING * * *
The seven-headed hydra misses you.
The seven-headed hydra bites you but does no damage.
The seven-headed hydra misses you.
The seven-headed hydra barely misses you.
The seven-headed hydra bites you.
* * * LOW HITPOINT WARNING * * *
The seven-headed hydra bites you but does no damage.
The seven-headed hydra bites you.
* * * LOW HITPOINT WARNING * * *
You take 24 damage, and have 11/79 hp.
MASSIVE DAMAGE!!
Warning x2: The orc priest can smite you!
The seven-headed hydra can hit for high damage in melee!
You feel very mighty all of a sudden. The seven-headed hydra bites you!
You die...
Xom snickers!

............#
#.#..#.#
#.#....#
#.#..)##
#.#.o.# #.#...#
#.#)o## #.#Do#
#.#@## #.).#
#...# #...#
###########.#.#
..............#
###########...#
#####


You could see a seven-headed hydra, an orc priest and 2 orcs.

Vanquished Creatures
  4 two-headed ogres (D:8)
  An ugly thing (D:8)
  A vampire mosquito (D:9)
  A water moccasin (D:7)
  An ice beast (D:6)
  5 orc warriors
  A necrophage (D:9)
  3 centaurs
  4 ogres
  A big kobold (D:7)
  5 bullfrogs
  5 scorpions
  A water moccasin skeleton (D:6)
  7 killer bees (D:7)
  3 wights (D:8)
  4 crimson imps
  2 bullfrog zombies (D:7)
  12 hounds
  2 jellies
  3 orc priests
  A centaur skeleton (D:9)
  10 orc wizards
  2 iguanas
  4 worker ants
  A hound skeleton (D:9)
  2 gnolls
  12 adders
  4 shadow imps
  4 adder skeletons
  An adder zombie (D:6)
  A dart slug (D:4)
  5 leopard geckos
  17 orcs
  A bat (D:1)
  2 giant cockroaches
  3 goblins
  A hobgoblin (D:1)
  8 jackals (D:2)
  12 kobolds
  5 quokkas
  4 frilled lizards
  A quokka zombie (D:5)
  6 rats
173 creatures vanquished.

Vanquished Creatures (collateral kills)
  Duvessa (D:6)
  A killer bee (D:7)
  A giant cockroach (D:1)
3 creatures vanquished.

Vanquished Creatures (others)
  An ice beast (D:6)
1 creature vanquished.

Grand Total: 177 creatures vanquished

Notes
Turn   | Place    | Note
-------+----------+-------------------------------------------
     0 | D:1      | Mgcat the Minotaur Chaos Knight began the quest for the
                  | Orb.
     0 | D:1      | Reached XP level 1. HP: 19/19 MP: 0/0
   221 | D:1      | Reached skill level 4 in Fighting
   221 | D:1      | Reached skill level 4 in Axes
   221 | D:1      | Reached XP level 2. HP: 27/27 MP: 1/1
   414 | D:1      | XOM: harmless Summ miscast
   648 | D:2      | Reached XP level 3. HP: 27/34 MP: 2/2
   820 | D:2      | Reached skill level 5 in Fighting
   820 | D:2      | Reached skill level 5 in Axes
   820 | D:2      | Reached XP level 4. HP: 40/42 MP: 3/3
  1177 | D:2      | Found an opulent altar of Gozag.
  1202 | D:2      | XOM: harmless Summ miscast
  1268 | D:2      | XOM: harmless Pois miscast
  1420 | D:3      | Reached skill level 6 in Axes
  1420 | D:3      | Reached XP level 5. HP: 42/48 MP: 4/4
  1491 | D:3      | Noticed Grinder
  1586 | D:4      | Reached skill level 7 in Axes
  1971 | D:4      | XOM: medium Conj miscast
  2078 | D:4      | XOM: god gift: 10 gold pieces
  2106 | D:4      | Reached XP level 6. HP: 56/56 MP: 5/5
  2259 | D:4      | Reached skill level 8 in Axes
  2355 | D:4      | XOM: medium Chrm miscast
  2576 | D:4      | XOM: give mutations
  2576 | D:4      | Gained mutation: You are dopey. (Int -2) [Xom's mischief]
  2576 | D:4      | Gained mutation: You occasionally shout uncontrollably at
                  | your foes. [Xom's mischief]
  2576 | D:4      | Gained mutation: You expend magic power (3 MP) to
                  | strengthen your wands. [Xom's mischief]
  2704 | D:4      | XOM: 5-stop teleportation journey
  2768 | D:5      | Entered Level 5 of the Dungeon
  2794 | D:5      | XOM: fog
  2808 | D:5      | Found a snail-covered altar of Cheibriados.
  3121 | D:5      | XOM: god gift: 39 gold pieces
  3135 | D:5      | XOM: scenery: 1 doors close
  3353 | D:5      | Found a hide-covered altar of Uskayaw.
  3435 | D:6      | Reached skill level 9 in Axes
  3435 | D:6      | Reached XP level 7. HP: 58/61 MP: 6/6
  3470 | D:6      | XOM: confuse monster(s)
  3515 | D:6      | XOM: give mutations
  3515 | D:6      | Gained mutation: You are partially covered in slimy green
                  | scales. (AC +2) [Xom's grace]
  3515 | D:6      | Lost mutation: You are dopey. (Int -2) [Xom's grace]
  3617 | D:6      | XOM: divination: detect items
  3633 | D:6      | Noticed Duvessa
  3633 | D:6      | Found a runed door.
  3633 | D:6      | Found Tevavvoca's Gadget Emporium.
  3633 | D:6      | Found a staircase to the Ecumenical Temple.
  3633 | D:6      | XOM: 10-stop teleportation journey
  3644 | D:6      | Noticed Monsterracer's ghost (novice DgAs)
  3675 | D:6      | XOM: scenery: 1 doors open
  3680 | D:6      | Killed Duvessa
  3684 | D:6      | Found a shadowy altar of Dithmenos.
  3718 | D:6      | Found a deep blue altar of Sif Muna.
  3720 | D:6      | Found a shimmering altar of Xom.
  3720 | D:6      | Found a bloodstained altar of Trog.
  3722 | D:6      | Found a basalt altar of Yredelemnul.
  3722 | D:6      | Found a white marble altar of Elyvilon.
  3722 | D:6      | Found an opulent altar of Gozag.
  3880 | D:6      | Reached skill level 10 in Axes
  3926 | D:6      | Found a burning altar of Makhleb.
  3965 | D:6      | XOM: destruction
  4228 | D:6      | XOM: blink monster(s)
  4237 | D:6      | Reached skill level 11 in Axes
  4237 | D:6      | Reached XP level 8. HP: 62/68 MP: 7/7
  4372 | D:6      | XOM: harmless Hex miscast
  4437 | D:6      | XOM: mild Necr miscast
  4775 | D:7      | XOM: 1-stop teleportation journey
  4982 | D:7      | XOM: noise
  4987 | D:7      | Reached skill level 12 in Axes
  5073 | D:7      | XOM: swap monsters
  5101 | D:7      | HP: 17/68 [poisoned by a killer bee]
  5107 | D:7      | HP: 17/68 [poisoned by a killer bee]
  5115 | D:7      | HP: 16/68 [poisoned by a killer bee]
  5212 | D:7      | XOM: summons 2 hostile demons
  5316 | D:7      | XOM: 2-stop teleportation journey
  5349 | D:7      | Found an ornate altar of the Wu Jian Council.
  5384 | D:7      | XOM: summons 7 friendly demons
  5393 | D:7      | Reached skill level 13 in Axes
  5602 | D:7      | XOM: torment (29/68 hp)
  5772 | D:7      | Reached XP level 9. HP: 58/74 MP: 8/8
  6282 | D:7      | XOM: medium Summ miscast
  6448 | D:7      | XOM: summons 4 hostile demons
  6449 | D:7      | Noticed a rust devil
  6540 | D:8      | Noticed a two-headed ogre
  6656 | D:8      | Noticed a two-headed ogre
  6660 | D:8      | XOM: noise
  6670 | D:8      | Killed a two-headed ogre
  6670 | D:8      | Reached skill level 14 in Axes
  6679 | D:8      | Noticed a two-headed ogre
  6680 | D:8      | XOM: scenery: create altars
  6684 | D:8      | XOM: chaos upgrade
  6769 | D:8      | Reached skill level 3 in Armour
  6769 | D:8      | Reached skill level 2 in Dodging
  6800 | D:8      | XOM: harmless Tloc miscast
  6905 | D:8      | Reached skill level 4 in Armour
  6905 | D:8      | Reached skill level 3 in Dodging
  6967 | D:8      | XOM: noise
  6969 | D:8      | Killed a two-headed ogre
  6969 | D:8      | Reached skill level 5 in Armour
  6969 | D:8      | Reached skill level 4 in Dodging
  6969 | D:8      | Reached XP level 10. HP: 41/81 MP: 5/9
  6975 | D:8      | Reached skill level 5 in Dodging
  7080 | D:8      | XOM: 7-stop teleportation journey
  7279 | D:8      | Killed a two-headed ogre
  7279 | D:8      | Reached skill level 1 in Evocations
  7286 | D:8      | XOM: give mutation
  7286 | D:8      | Gained mutation: You are frail. (-10% HP) [Xom's mischief]
  7523 | D:8      | Reached skill level 2 in Evocations
  7640 | D:8      | XOM is BORED!
  7640 | D:8      | XOM: stat loss: -3 Int (6/9)
  7836 | D:8      | Reached skill level 6 in Fighting
  7836 | D:8      | Reached skill level 15 in Axes
  8072 | D:7      | Got a heavily runed cloak
  8078 | D:7      | Identified the +1 cloak of the Vacuum {Str+4} (You found it
                  | on level 7 of the Dungeon)
  8115 | D:7      | XOM: 3-stop teleportation journey
  8287 | D:7      | Found a glowing silver altar of Zin.
  8462 | D:7      | XOM: divination: detect creatures
  8538 | D:9      | Noticed a two-headed ogre
  8544 | D:9      | Noticed an eight-headed hydra
  8548 | D:9      | XOM: blink monster(s)
  8559 | D:8      | HP: 9/75 [two-headed ogre/+0 giant club (11)]
  8562 | D:8      | HP: 1/75 [two-headed ogre/+0 giant club (6)]
  8563 | D:8      | Killed a two-headed ogre
  8563 | D:8      | Reached skill level 7 in Fighting
  8563 | D:8      | Reached skill level 3 in Evocations
  8951 | D:9      | Noticed a green ugly thing
  8992 | D:8      | XOM: draining
  8994 | D:8      | XOM: confuse monster(s)
  8998 | D:8      | Killed a green ugly thing
  9215 | D:8      | XOM: harmless Pois miscast
  9232 | D:9      | Reached skill level 4 in Evocations
  9313 | D:9      | XOM: mild Pois miscast
  9328 | D:9      | HP: 14/77 [eight-headed hydra (12)]
  9328 | D:9      | XOM: smoke on damage
  9629 | D:9      | Noticed a seven-headed hydra
  9639 | D:9      | HP: 16/79 [seven-headed hydra (4)]
  9640 | D:9      | Slain by a seven-headed hydra

Vault maps used:
D:1:      dpeg_arrival_stonehenge_12_columns, serial_rivers,
          chequers_serial_rivers_micro_c, chequers_serial_rivers_micro_c,
          chequers_serial_rivers_micro_e, chequers_serial_rivers_small_a,
          chequers_serial_rivers_large_b, chequers_serial_rivers_marsh,
          minmay_curled_crystal
D:2:      lemuel_crystal_altar
D:3:      old_standard_altar, uniq_grinder
D:4:      first_ration, uniq_crazy_yiuf_cottage
D:5:      kennysheep_six_static_rooms, lemuel_crystal_altar,
          lemuel_crystal_altar
D:6:      makhleb_heckhound_becter, doesnt_xom_only_xom, kennysheep_mini_moat,
          minmay_temple_entry_statues_pillars, hellmonk_ghost_happy_afterlife,
          serial_shops, shop, uniq_duvessa
D:7:      marbit_many_paths, old_standard_altar, grunt_ogre_cave,
          due_unseen_surprise
D:8:      nicolae_two_hexagons, lightli_minifort
D:9:      minmay_the_grid_octo_tiled_octocenter, orc_0_dummy, serial_shops, shop

Skill      XL: |  1  2  3  4  5  6  7  8  9 10 |
---------------+-------------------------------+-----
Fighting       | 4 5 7 |  7.7
Axes           | 4 5 6 7 9 11 13 14 15 | 15.5
Armour         | 5 |  5.7
Dodging        | 4 5 |  5.0
Evocations     | 4 |  4.2

Action                   |  1- 3 |  4- 6 |  7- 9 | 10-12 || total
-------------------------+-------+-------+-------+-------++-------
Melee: Hand axe          |    61 |   119 |    85 |       ||   265
       Headbutt          |    11 |    19 |    31 |    19 ||    80
       War axe           |       |       |   185 |       ||   185
       Battleaxe         |       |       |     4 |   103 ||   107
Throw: Stone             |     8 |     3 |     7 |     2 ||    20
       Javelin           |       |       |     1 |     1 ||     2
Evoke: Wand              |       |       |     7 |    14 ||    21
  Use: Scroll            |       |     9 |     6 |     2 ||    17
       Potion            |       |       |     1 |     4 ||     5
 Stab: Confused          |       |       |     2 |     1 ||     3
  Eat: Chunk             |       |     8 |    15 |    18 ||    41
Armor: Leather armour    |    23 |    26 |    56 |       ||   105
       Ring mail         |       |       |    16 |    52 ||    68
Dodge: Dodged            |    37 |    52 |   144 |    84 ||   317

Table legend:
 A = Non-vault XP
 B = Vault XP
 C = Vault XP percentage of total XP
 D = Non-vault monster count
 E = Vault monster count
 F = Vault count percentage of total count
                 A         B        C        D         E       F
            +---------+---------+-------+---------+---------+-------
      Total |    8023 |    2096 |  20.7 |     151 |      26 |  14.7
            +---------+---------+-------+---------+---------+-------
        D:1 |      33 |       0 |   0.0 |      11 |       0 |   0.0
        D:2 |      86 |       0 |   0.0 |      24 |       0 |   0.0
        D:3 |     129 |       0 |   0.0 |       6 |       0 |   0.0
        D:4 |     307 |       0 |   0.0 |      14 |       0 |   0.0
        D:5 |      69 |      57 |  45.2 |       6 |       4 |  40.0
        D:6 |     812 |     121 |  13.0 |      19 |       2 |   9.5
        D:7 |    1520 |     169 |  10.0 |      26 |       2 |   7.1
        D:8 |    4509 |    1078 |  19.3 |      31 |       5 |  13.9
        D:9 |     558 |     671 |  54.6 |      14 |      13 |  48.1
            +---------+---------+-------+---------+---------+-------

Vault maps used:
D:1:      dpeg_arrival_stonehenge_12_columns, serial_rivers,
          chequers_serial_rivers_micro_c, chequers_serial_rivers_micro_c,
          chequers_serial_rivers_micro_e, chequers_serial_rivers_small_a,
          chequers_serial_rivers_large_b, chequers_serial_rivers_marsh,
          minmay_curled_crystal
D:2:      lemuel_crystal_altar
D:3:      old_standard_altar, uniq_grinder
D:4:      first_ration, uniq_crazy_yiuf_cottage
D:5:      kennysheep_six_static_rooms, lemuel_crystal_altar,
          lemuel_crystal_altar
D:6:      makhleb_heckhound_becter, doesnt_xom_only_xom, kennysheep_mini_moat,
          minmay_temple_entry_statues_pillars, hellmonk_ghost_happy_afterlife,
          serial_shops, shop, uniq_duvessa
D:7:      marbit_many_paths, old_standard_altar, grunt_ogre_cave,
          due_unseen_surprise
D:8:      nicolae_two_hexagons, lightli_minifort
D:9:      minmay_the_grid_octo_tiled_octocenter, orc_0_dummy, serial_shops, shop

Table legend:
 A = Turns spent in this place as a percentage of turns spent in the entire game.
 B = Non-inter-level travel turns spent in this place as a percentage of non-inter-level travel turns spent in the entire game.
 C = Inter-level travel turns spent in this place as a percentage of turns spent in this place.
 D = Turns resting spent in this place as a percentage of non-inter-level travel turns spent in this place.
 E = Turns spent auto-exploring this place as a percentage of non-inter-level travel turns spent in this place.
 F = Non-inter-level travel turns spent in this place divided by the number of levels of this place that you've seen.
                   A       B       C       D       E      F
               +-------+-------+-------+-------+-------+----------------------
         Total | 100.0 | 100.0 |   5.2 |  14.6 |  70.9 | 1014.9
       Dungeon | 100.0 | 100.0 |   5.2 |  14.6 |  70.9 | 1014.9
               +-------+-------+-------+-------+-------+----------------------

Table legend:
 A = Kills in this place as a percentage of kills in entire the game.
 B = Kills by you in this place as a percentage of kills by you in the entire game.
 C = Kills by friends in this place as a percentage of kills by friends in the entire game.
 D = Other kills in this place as a percentage of other kills in the entire game.
 E = Experience gained in this place as a percentage of experience gained in the entire game.
 F = Experience gained in this place divided by the number of levels of this place that you have seen.
                   A       B       C       D       E      F
               +-------+-------+-------+-------+-------+----------------------
         Total | 100.0 | 100.0 | 100.0 | 100.0 | 100.0 | 1124.3
       Dungeon | 100.0 | 100.0 | 100.0 | 100.0 | 100.0 | 1124.3
               +-------+-------+-------+-------+-------+----------------------
